 Dungeon Crawl Stone Soup version 0.25-a0-435-g4b9beb1 (webtiles) character file.

Game seed: 5263598092318746749, levelgen mode: deterministic

612 AngryBottledMilk the Gusty (level 7, -3/51 HPs)
             Began as a Gnoll Air Elementalist on Jan 27, 2020.
             Killed from afar by an orc wizard (7 damage)
             ... with a magic dart
             ... on level 3 of the Dungeon.
             The game lasted 00:17:17 (4377 turns).

AngryBottledMilk the Gusty (Gnoll Air Elementalist) Turns: 4377, Time: 00:17:18

Health: -3/51      AC:  9    Str: 12    XL:     7   Next: 44%
Magic:  12/15      EV: 14    Int: 22    God:
Gold:   127        SH:  0    Dex: 15    Spells: 16/17 levels left

rFire    . . .     SeeInvis .   f - -2 whip (curse)
rCold    . . .     Gourm    .   (no shield)
rNeg     . . .     Faith    .   k - +0 leather armour
rPois    .         Spirit   .   a - +2 helmet
rElec    .         Reflect  .   (no cloak)
rCorr    .         Harm     .   (no gloves)
MR       .....                  (no boots)
Stlth    +++.......             (no amulet)
HPRegen  0.17/turn              l - +3 ring of protection
MPRegen  0.14/turn              p - +4 ring of intelligence

@: flying (expiring), slowed, very slow
A: distributed training, fangs 1, strong nose
a: no special abilities


You were on level 3 of the Dungeon.
You were not hungry.

You visited 1 branch of the dungeon, and saw 4 of its levels.

You collected 127 gold pieces.

Inventory:

Hand Weapons
 f - a cursed -2 whip (weapon)
 r - a +2 halberd of flaming
Missiles
 o - 136 stones (quivered)
Armour
 a - a +2 helmet (worn)
 k - a +0 leather armour (worn)
Jewellery
 l - a +3 ring of protection (left hand)
 p - a +4 ring of intelligence (right hand)
Scrolls
 j - 2 scrolls of amnesia
 m - a scroll of identify
 q - a scroll of teleportation
Potions
 d - a potion of might {unknown}
 e - a potion of curing
 g - a potion of degeneration {unknown}
 h - a potion of flight
 i - a potion of ambrosia {unknown}
Comestibles
 c - 3 rations


   Skills:
 + Level 2.4 Fighting
 + Level 2.4 Short Blades
 + Level 2.4 Long Blades
 + Level 2.4 Axes
 + Level 2.4 Maces & Flails
 + Level 2.4 Polearms
 + Level 2.4 Staves
 + Level 2.4 Slings
 + Level 2.4 Bows
 + Level 2.4 Crossbows
 + Level 2.4 Throwing
 + Level 2.4 Armour
 + Level 5.2 Dodging
 + Level 4.9 Stealth
 + Level 2.4 Shields
 + Level 2.4 Unarmed Combat
 + Level 5.6 Spellcasting
 + Level 2.9 Conjurations
 + Level 2.0 Hexes
 + Level 2.0 Charms
 + Level 2.0 Summonings
 + Level 2.0 Necromancy
 + Level 2.0 Translocations
 + Level 2.0 Transmutations
 + Level 2.0 Fire Magic
 + Level 2.0 Ice Magic
 + Level 5.8 Air Magic
 + Level 2.0 Earth Magic
 + Level 2.0 Poison Magic
 + Level 2.7 Invocations
 + Level 2.4 Evocations


You had 16 spell levels left.
You knew the following spells:

 Your Spells              Type           Power        Failure   Level  Hunger
a - Shock                 Conj/Air       ####         1%          1    None

Your spell library contained the following spells:

 Spells                   Type           Power        Failure   Level  Hunger
 Swiftness                Chrm/Air       ###.....     3%          2    None
 Static Discharge         Conj/Air       ####....     6%          3    ##.....
 Airstrike                Air            ####......   11%         4    ####...
 Lightning Bolt           Conj/Air       ####......   50%         5    #####..


Dungeon Overview and Level Annotations

Branches:
Dungeon (4/15)
 Temple: D:4-7

Altars:
Ashenzari
Wu Jian


Innate Abilities, Weirdness & Mutations

Your experience applies equally to all skills.
You have very sharp teeth.
Your uncanny sense of smell can sniff out nearby items.


Message History

Aiming: Shock (safe; 1% risk of failure)
Press: ? - help, Shift-Dir - straight line, f/p - ogre
Aim: an ogre, wielding a +0 giant spiked club (almost dead)
The zap hits the ogre.
You kill the ogre!
Your Hexes skill increases to level 2!
Your Charms skill increases to level 2!
Your Summonings skill increases to level 2!
Your Necromancy skill increases to level 2!
Your Translocations skill increases to level 2!
Your Transmutations skill increases to level 2!
Your Fire Magic skill increases to level 2!
Your Ice Magic skill increases to level 2!
Your Earth Magic skill increases to level 2!
Your Poison Magic skill increases to level 2!
The orc wizard hits you but does no damage.
The orc wizard hits you with a +0 dagger.
* * * LOW HITPOINT WARNING * * *
The orc wizard points at you and mumbles some strange words.
The magic dart hits you!
You die...

## #. ###########
#...##.....
#######...##.....
#####.....#...##.....
#.).........).#......
#....)...............
#...@o...............
#.........###.#.....#
#.........# #.#......
#.........# #.#......
##........# #.#......
#........###.#####..
#........+..........
#........#..........
###...##..............


You could see an orc wizard.

Vanquished Creatures
  Grinder (D:3)
  An ogre (D:3)
  2 orc priests
  Jessica (D:2)
  An iguana (D:4)
  2 worker ants (D:4)
  2 orc wizards (D:4)
  4 gnolls (D:3)
  A howler monkey skeleton (D:4)
  An adder (D:3)
  A dart slug (D:3)
  A leopard gecko (D:2)
  9 orcs
  2 bats
  3 giant cockroaches
  5 goblins
  4 hobgoblins
  7 jackals
  8 kobolds
  A ball python (D:2)
  7 frilled lizards (D:1)
  9 rats
73 creatures vanquished.

Notes
Turn   | Place    | Note
-------+----------+-------------------------------------------
     0 | D:1      | AngryBottledMilk the Gnoll Air Elementalist began the quest
                  | for the Orb.
     0 | D:1      | Reached XP level 1. HP: 13/13 MP: 6/6
   226 | D:1      | Reached XP level 2. HP: 19/19 MP: 3/7
  1107 | D:1      | Reached XP level 3. HP: 22/25 MP: 9/9
  1387 | D:1      | Reached skill level 5 in Spellcasting
  1626 | D:2      | Noticed Jessica
  1633 | D:2      | Killed Jessica
  1633 | D:2      | Reached skill level 1 in Fighting
  1633 | D:2      | Reached skill level 1 in Short Blades
  1633 | D:2      | Reached skill level 1 in Long Blades
  1633 | D:2      | Reached skill level 1 in Axes
  1633 | D:2      | Reached skill level 1 in Maces & Flails
  1633 | D:2      | Reached skill level 1 in Polearms
  1633 | D:2      | Reached skill level 1 in Staves
  1633 | D:2      | Reached skill level 1 in Slings
  1633 | D:2      | Reached skill level 1 in Bows
  1633 | D:2      | Reached skill level 1 in Crossbows
  1633 | D:2      | Reached skill level 1 in Throwing
  1633 | D:2      | Reached skill level 1 in Armour
  1633 | D:2      | Reached skill level 1 in Shields
  1633 | D:2      | Reached skill level 1 in Unarmed Combat
  1633 | D:2      | Reached skill level 1 in Invocations
  1633 | D:2      | Reached skill level 1 in Evocations
  1817 | D:2      | Reached XP level 4. HP: 32/32 MP: 9/11
  1825 | D:2      | Found a shattered altar of Ashenzari.
  2704 | D:3      | Reached skill level 1 in Hexes
  2704 | D:3      | Reached skill level 1 in Charms
  2704 | D:3      | Reached skill level 1 in Summonings
  2704 | D:3      | Reached skill level 1 in Necromancy
  2704 | D:3      | Reached skill level 1 in Translocations
  2704 | D:3      | Reached skill level 1 in Transmutations
  2704 | D:3      | Reached skill level 1 in Fire Magic
  2704 | D:3      | Reached skill level 1 in Ice Magic
  2704 | D:3      | Reached skill level 1 in Earth Magic
  2704 | D:3      | Reached skill level 1 in Poison Magic
  3097 | D:3      | Reached XP level 5. HP: 37/37 MP: 7/12
  3239 | D:3      | Noticed Grinder
  3266 | D:3      | Paralysed by Grinder for 5 turns
  3274 | D:3      | Killed Grinder
  3274 | D:3      | Reached skill level 5 in Dodging
  3274 | D:3      | Reached XP level 6. HP: 20/44 MP: 7/14
  3701 | D:3      | Found an ornate altar of the Wu Jian Council.
  3877 | D:4      | Reached XP level 7. HP: 38/50 MP: 6/15
  4377 | D:3      | Killed from afar by an orc wizard

Levels and vault maps discovered:
D:1:      wander_arrival_desolate, layout_basic
D:2:      layout_basic, ashenzari_conservatory_becter, first_ration,
          uniq_jessica
D:3:      layout_basic, nicolae_overflow_crystal_walls, uniq_grinder
D:4:      layout_basic, minmay_temple_entry_proselytizer, serial_shops,
          kennysheep_mini_moat, uniq_duvessa

Skill      XL: |  1  2  3  4  5  6  7 |
---------------+----------------------+-----
Conjurations   | 2 |  2.9
Spellcasting   | 5 |  5.6
Fighting       | 1 2 |  2.4
Short Blades   | 1 2 |  2.4
Long Blades    | 1 2 |  2.4
Axes           | 1 2 |  2.4
Maces & Flails | 1 2 |  2.4
Polearms       | 1 2 |  2.4
Staves         | 1 2 |  2.4
Slings         | 1 2 |  2.4
Bows           | 1 2 |  2.4
Crossbows      | 1 2 |  2.4
Throwing       | 1 2 |  2.4
Armour         | 1 2 |  2.4
Shields        | 1 2 |  2.4
Unarmed Combat | 1 2 |  2.4
Invocations    | 1 2 |  2.7
Evocations     | 1 2 |  2.4
Hexes          | 1 2 |  2.0
Charms         | 1 2 |  2.0
Summonings     | 1 2 |  2.0
Necromancy     | 1 2 |  2.0
Translocations | 1 2 |  2.0
Transmutations | 1 2 |  2.0
Fire Magic     | 1 2 |  2.0
Ice Magic      | 1 2 |  2.0
Earth Magic    | 1 2 |  2.0
Poison Magic   | 1 2 |  2.0
Dodging        | 5 |  5.2
Stealth        | |  4.9
Air Magic      | |  5.8

Action                   |  1- 3 |  4- 6 |  7- 9 || total
-------------------------+-------+-------+-------++-------
Melee: Unarmed           |     6 |       |       ||     6
       Whip              |    62 |    34 |    23 ||   119
       Bite              |     5 |     4 |     2 ||    11
 Cast: Shock             |    33 |    61 |    23 ||   117
  Use: Scroll            |       |     4 |       ||     4
       Potion            |       |     1 |     2 ||     3
 Stab: Sleeping          |     3 |     1 |       ||     4
  Eat: Chunk             |     2 |     2 |       ||     4
       Ration            |     1 |     1 |       ||     2
Armor: Robe              |     5 |       |       ||     5
       Leather armour    |       |     8 |    20 ||    28
Dodge: Dodged            |    56 |    44 |    42 ||   142

Table legend:
 A = Non-vault XP
 B = Vault XP
 C = Vault XP percentage of total XP
 D = Non-vault monster count
 E = Vault monster count
 F = Vault count percentage of total count
                 A         B        C        D         E       F
            +---------+---------+-------+---------+---------+-------
      Total |     576 |     299 |  34.2 |      71 |       2 |   2.7
            +---------+---------+-------+---------+---------+-------
        D:1 |      43 |       0 |   0.0 |      29 |       0 |   0.0
        D:2 |      18 |      37 |  67.3 |      12 |       1 |   7.7
        D:3 |     253 |     262 |  50.9 |      16 |       1 |   5.9
        D:4 |     262 |       0 |   0.0 |      14 |       0 |   0.0
            +---------+---------+-------+---------+---------+-------
